 Dungeon Crawl Stone Soup version 0.28-a0-823-gb444dcf96d (webtiles) character file.

Game seed: 18018206656423920567

68 fuuckk the Skirmisher (level 4, 0/41 HPs)
             Began as a Draconian Berserker on Nov 9, 2021.
             Was a Believer of Trog.
             Slain by a worm (4 damage)
             ... on level 2 of the Dungeon.
             The game lasted 00:03:41 (2168 turns).

fuuckk the Skirmisher (Draconian Berserker)         Turns: 2168, Time: 00:03:41

Health: 0/41       AC:  5    Str: 21    XL:     4   Next: 1%
Magic:  4/4        EV: 12    Int:  7    God:    Trog [**....]
Gold:   35         SH:  0    Dex: 10    Spells: 3/3 levels left

rFire   . . .      SeeInvis .   a - +0 hand axe
rCold   . . .      Faith    .   (no shield)
rNeg    . . .      Spirit   .   (armour unavailable)
rPois   .          Reflect  .   (helmet restricted)
rElec   .          Harm     .   (no cloak)
rCorr   .          Rampage  .   (no gloves)
Will    .....                   (no boots)
Stlth   +.........              (no amulet)
HPRegen 0.13/turn               (no ring)
MPRegen 0.09/turn               (no ring)

@: no status effects
A: AC +5, unfitting armour, cold-blooded
a: Renounce Religion, Berserk, Trog's Hand


You were on level 2 of the Dungeon.
You worshipped Trog.
Trog was pleased with you.
You visited 1 branch of the dungeon, and saw 3 of its levels.

You collected 35 gold pieces.

Inventory:

Hand Weapons
 a - a +0 hand axe (weapon)
Missiles
 e - 6 boomerangs (quivered)
Jewellery
 i - a ring of protection from fire
Scrolls
 b - a scroll of acquirement {unknown}
 f - 3 scrolls of identify {unknown}
Potions
 c - a potion of heal wounds {unknown}
 d - a potion of attraction {unknown}
 g - a potion of magic {unknown}
 h - a potion of haste {unknown}


   Skills:
 * Level 4.3 Fighting
 - Level 3.3 Axes
 * Level 1.0 Throwing
 - Level 3.0 Dodging
 + Level 0.6 Stealth


You had 3 spell levels left.
You didn't know any spells.
Your spell library was empty.

Dungeon Overview and Level Annotations

Branches:
Dungeon (3/15)

Altars:

Annotations:
D:3 Terence


Innate Abilities, Weirdness & Mutations

Your plain brown scales are hard. (AC +5)
You cannot fit into any form of body armour.
You are cold-blooded and may be slowed by cold attacks.


Message History

You barely miss the worm.
The worm is heavily wounded.
You barely miss the giant cockroach.
The giant cockroach bites you but does no damage.
The worm closely misses you.
You completely miss the worm.
Your tail-slap misses the worm.
The worm is heavily wounded.
You closely miss the giant cockroach. The giant cockroach barely misses you.
The giant cockroach closely misses you.
You hit the worm but do no damage.
The worm is heavily wounded.
You closely miss the giant cockroach. The worm bites you.
The giant cockroach bites you but does no damage.
You hit the giant cockroach.
Your tail-slap misses the giant cockroach.
The giant cockroach is moderately wounded.
You hit the worm. The giant cockroach misses you. The worm bites you!
You slash the giant cockroach!
You kill the giant cockroach!
Trog accepts your kill.
You barely miss the worm.
You have reached level 4!
You feel stronger.
You hit the worm.
The worm is severely wounded.
The worm bites you.
You barely miss the worm.
The worm is severely wounded.
The worm bites you!
* * * LOW HITPOINT WARNING * * *
You hit the worm but do no damage. You tail-slap the worm.
The worm is severely wounded.
You barely miss the worm.
The worm is severely wounded.
The worm bites you!
* * * LOW HITPOINT WARNING * * *
You hit the worm.
The worm is severely wounded.
You barely miss the worm. The worm bites you.
You die...

#... .. #... #. #..' #####
.#####. #..# ....# ....... #..#
....# ....... #..# ....# .......
#..# ....#####.......###### #..#
...............w@....#########..#
.w.<...........w................#
....#########....###.......####.#
....# ....#.................#.'
##### B........####..###)##.#..
.........# #..# #....#..
.........####..###.####..
.........................
....###.###.#.......###.#


You could see 2 worms.

Vanquished Creatures
  An adder (D:2)
  4 ball pythons (D:1)
  3 bats
  3 endoplasms
  2 giant cockroaches
  4 goblins (D:1)
  4 hobgoblins (D:1)
  12 jackals
  7 kobolds
  3 quokkas (D:1)
  3 frilled lizards
  5 rats
51 creatures vanquished.

Notes
Turn   | Place    | Note
-------+----------+-------------------------------------------
     0 | D:1      | fuuckk the Draconian Berserker began the quest for the Orb.
     0 | D:1      | Reached XP level 1. HP: 19/19 MP: 1/1
   275 | D:1      | Reached XP level 2. HP: 18/26 MP: 2/2
   874 | D:1      | Reached XP level 3. HP: 33/33 MP: 3/3
   876 | D:1      | Reached ** piety under Trog
   935 | D:1      | Reached skill level 4 in Fighting
  1783 | D:2      | Reached skill level 1 in Throwing
  1951 | D:3      | Noticed Terence
  2164 | D:2      | Reached XP level 4. HP: 22/41 MP: 4/4
  2168 | D:2      | Slain by a worm

Illustrated notes

Levels and vault maps discovered:
D:1:      dpeg_arrival_morbid_curiosity, layout_loops_corners
D:2:      layout_basic, minivault_11
D:3:      layout_rooms, gammafunk_ghost_necromancy, serial_shops, shop,
          hellmonk_ecumenical_altar_inner_sanctum, uniq_terence

Skill      XL: |  1  2  3 |
---------------+----------+-----
Dodging        | 3 |  3.0
Fighting       | 4 |  4.3
Throwing       | 1 |  1.0
Axes           | |  3.3
Stealth        | |  0.6

Action                   |  1- 3 |  4- 6 || total
-------------------------+-------+-------++-------
Melee: Hand axe          |   135 |     5 ||   140
       Tailslap          |    18 |     1 ||    19
 Stab: Sleeping          |     1 |       ||     1
Armor: Skin              |    77 |       ||    77
Dodge: Dodged            |   139 |       ||   139

Table legend: (Time is in decaauts)
 A = Elapsed time spent in this place.
 B = Non-inter-level travel time spent in this place.
 C = Inter-level travel time spent in this place.
 D = Time resting spent in this place.
 E = Time spent auto-exploring this place.
 F = Levels seen in this place.
 G = Mean time per level.
                   A        B        C        D        E       F      G
               +--------+--------+--------+--------+--------+-----+--------+
         Total |   2193 |   2193 |      0 |      0 |   1626 |   3 |  731.0 |
       Dungeon |   2193 |   2193 |      0 |      0 |   1626 |   3 |  731.0 |
               +--------+--------+--------+--------+--------+-----+--------+

Top non-repeatable levels by time:
     D:1: 1578 daAuts
     D:2: 610 daAuts
     D:3: 4 daAuts
